[Event "Elegant Academy GM Aspirant-II"]
[Site "Dhaka"]
[Date "2024.02.25"]
[Round "6.5"]
[White "Siddharth, Jagadeesh"]
[Black "Sriram, Jha"]
[Result "1-0"]
[ECO "D00"]
[WhiteElo "2457"]
[BlackElo "2317"]
[Annotator "TA"]
[PlyCount "121"]
[EventDate "2024.02.21"]
[EventType "tourn"]
[EventCountry "BAN"]
[SourceTitle "playchess.com"]
[Source "ChessBase"]
[SourceQuality "1"]
[TimeControl "5400+30"]

1. d4 Nf6 2. Nc3 d5 3. Bf4 g6 4. e3 Bg7 5. h4 h5 6. Nf3 {[%emt 0:00:08] D00: 1 d4 d5: Unusual lines.} O-O 7. Ne5 c5 8. Qd2 Nc6 9. f3 cxd4 10. exd4 Bf5 11. Bb5 Rc8 12. Bxc6 bxc6 13. Na4 Nd7 14. Nxd7 Bxd7 15. Nc5 e5 $146 ({Predecessor:} 15... f6 16. O-O-O e5 17. Bh6 Rc7 18. Rde1 Re8 19. Re2 Bc8 20. Rhe1 Qd6 21. Bxg7 Kxg7 22. dxe5 fxe5 23. Rxe5 Rxe5 {0-1 Vaishali,R (2497)-Munkhzul,T (2258) Wch Blitz (Women) 2023 (7)}) 16. Bxe5 Re8 17. O-O-O Bxe5 18. dxe5 Rxe5 19. Qd4 Rf5 20. Rd3 Qc7 21. g3 Re8 22. f4 Bc8 23. Re3 Rxe3 24. Qxe3 d4 25. Qxd4 Rd5 26. Qc3 Bf5 27. Re1 Rd8 28. b3 Qd6 29. Kb2 Rc8 30. Ne4 Bxe4 31. Rxe4 c5 32. Rc4 Rc7 33. Re4 Re7 34. Rxe7 Qxe7 35. Qe5 Qf8 36. Qc7 a6 37. Ka3 Kg7 38. c4 Kg8 39. Qc6 Qe7 40. Qxa6 Qe3 41. Qa8+ Kg7 42. Qg2 Qe1 43. Kb2 Kg8 44. Qa8+ Kg7 45. Qf3 Qd2+ 46. Kb1 Kg8 47. a4 Kg7 48. Qe4 Kf8 49. Qe5 Qf2 50. a5 Qxg3 51. Kb2 (51. Qxc5+ Kg8 52. Qb6 Qd3+ 53. Kb2 Qe2+ 54. Ka3 Qe7+ 55. c5 Qe1) 51... Qg2+ 52. Ka3 Qc6 53. Qb8+ Kg7 54. Qb6 Qh1 55. Qxc5 Qc1+ 56. Ka4 Qxf4 57. a6 Qxh4 58. a7 Qh1 59. Qe5+ Kh7 60. Qb8 Qc6+ 61. Kb4 1-0

[Event "Elegant Academy GM Aspirant-II"]
[Site "Dhaka"]
[Date "2024.02.25"]
[Round "7.1"]
[White "Sriram, Jha"]
[Black "Aradhya, Garg"]
[Result "1/2-1/2"]
[ECO "D11"]
[WhiteElo "2317"]
[BlackElo "2390"]
[Annotator "TA"]
[PlyCount "75"]
[EventDate "2024.02.21"]
[EventType "tourn"]
[EventCountry "BAN"]
[SourceTitle "playchess.com"]
[Source "ChessBase"]
[SourceQuality "1"]
[TimeControl "5400+30"]

1. d4 d5 2. Nf3 Nf6 3. g3 c6 4. Bg2 Bf5 5. c4 e6 6. Nc3 Be7 7. Qb3 Qb6 8. c5 Qxb3 9. axb3 Na6 10. Ne5 {[%emt 0:06:42][%cal Oe5c6] Strongly threatening Nxc6!} Nb4 {[%emt 0:01:50] [#] aiming for ...Nc2+.} 11. Ra4 a5 12. O-O Nd7 13. Nxd7 Kxd7 14. Bd2 e5 15. e4 exd4 16. Nxd5 cxd5 17. exf5 Bxc5 18. Bxb4 Bxb4 19. Rd1 $1 Kc6 20. Rxd4 Rae8 21. Ra1 (21. Rxd5 $2 {perishes.} Re1+ 22. Bf1 Kxd5 $19) 21... Re5 $1 22. Rad1 Rd8 23. Kf1 (23. Rc4+ {feels hotter.} Bc5 24. b4 axb4 25. Rdc1) 23... Bc5 24. Rf4 Kb6 25. g4 d4 26. Be4 Ree8 27. Bd3 Bd6 28. Rxd4 Bxh2 29. Bc4 Rxd4 30. Rxd4 $11 {[%emt 0:00:01][%mdl 4096] Endgame. KRB-KRB} Re7 31. f4 {[%emt 0:05:40] [#] Hoping for Kg2.} Bg3 (31... Kc6 $5) 32. Kg2 (32. f6 $5 gxf6 33. Kg2 $18) 32... Bh4 33. Rd5 Be1 ({Black should try} 33... Re3 $11) 34. Rd4 (34. f6 $14 gxf6 35. Rd6+ Kc5 36. Rxf6) 34... Bh4 {[%emt 0:00:30] The position is equal.} 35. g5 f6 36. g6 hxg6 37. fxg6 f5 38. Rd6+ {[%emt 0:00:30] Weighted Error Value: White=0.07 (flawless) /Black=0.06 (flawless) .  Mistake:       	White=1     	Black=1      Inaccurate:     	White=1     	Black=1      OK:         	White=16    	Black=19     Strong:       	White=1     	Black=1} 1/2-1/2

[Event "Elegant Academy GM Aspirant-II"]
[Site "Dhaka"]
[Date "2024.02.25"]
[Round "7.2"]
[White "Panesar Vedant"]
[Black "Siddharth, Jagadeesh"]
[Result "1-0"]
[ECO "C10"]
[WhiteElo "2452"]
[BlackElo "2457"]
[Annotator "ChessBase"]
[PlyCount "107"]
[EventDate "2024.02.21"]
[EventType "tourn"]
[EventCountry "BAN"]
[SourceTitle "playchess.com"]
[Source "ChessBase"]
[SourceQuality "1"]
[TimeControl "5400+30"]

1. e4 e6 2. d4 d5 3. Nc3 dxe4 4. Nxe4 Nd7 5. Nf3 Ngf6 6. Nxf6+ Nxf6 7. c3 Be7 8. Bd3 c5 9. Qe2 O-O 10. Bf4 cxd4 11. Nxd4 Qa5 12. O-O Qh5 13. Rad1 Bd7 14. h3 Rfd8 15. Bc7 Rdc8 16. Qxh5 Nxh5 17. Bh2 Nf6 18. Be2 Bc5 19. Bf3 Bxd4 20. Rxd4 Bc6 21. Bxc6 Rxc6 22. Rfd1 Kf8 23. c4 Rac8 24. b3 Ke8 25. g4 h6 26. Kg2 a6 27. a4 b5 28. cxb5 axb5 29. axb5 Rb6 30. Rc4 Ra8 31. Be5 Rxb5 32. Bxf6 gxf6 33. Rc7 h5 34. Rdd7 hxg4 35. Re7+ Kd8 36. hxg4 f5 37. Rxf7 fxg4 38. Rfd7+ Ke8 39. Rh7 Rf5 40. Rb7 g3 41. fxg3 e5 42. g4 Rf8 43. g5 e4 44. Kg3 e3 45. Rbe7+ Kd8 46. Rxe3 Ra1 47. Kg4 Rg8 48. Rd3+ Ke8 49. Re3+ Kf8 50. Rf3+ Ke8 51. Rg3 Kd8 52. Rb7 Kc8 53. Rf7 Ra6 54. Rgf3 1-0

[Event "Elegant Academy GM Aspirant-II"]
[Site "Dhaka"]
[Date "2024.02.25"]
[Round "7.3"]
[White "Setyaki, Azarya Jodi"]
[Black "Murshed, Niaz"]
[Result "1/2-1/2"]
[ECO "C02"]
[WhiteElo "2400"]
[BlackElo "2363"]
[Annotator "ChessBase"]
[PlyCount "62"]
[EventDate "2024.02.21"]
[EventType "tourn"]
[EventCountry "BAN"]
[SourceTitle "playchess.com"]
[Source "ChessBase"]
[SourceQuality "1"]
[TimeControl "5400+30"]

1. e4 e6 2. d4 d5 3. e5 c5 4. c3 Nc6 5. Nf3 Bd7 6. Be2 Nge7 7. Na3 cxd4 8. cxd4 Nf5 9. Nc2 Qb6 10. O-O Na5 11. Ne3 Nxe3 12. fxe3 Be7 13. Qe1 O-O 14. Bd3 f5 15. exf6 Bxf6 16. Bd2 Nc6 17. Bc3 a5 18. Rd1 Ne7 19. e4 g6 20. e5 Bg7 21. Kh1 Bb5 22. Bxb5 Qxb5 23. Ng5 Qa6 24. Rxf8+ Rxf8 25. Bxa5 Bh6 26. Nf3 Nf5 27. Bd2 Bxd2 28. Qxd2 Qxa2 29. Rf1 Nh4 30. Kg1 Nxf3+ 31. Rxf3 Rxf3 1/2-1/2

[Event "Elegant Academy GM Aspirant-II"]
[Site "Dhaka"]
[Date "2024.02.25"]
[Round "7.4"]
[White "Mayank Chakraborty"]
[Black "Liyanage, Ranindu Dilshan"]
[Result "1/2-1/2"]
[ECO "D35"]
[WhiteElo "2409"]
[BlackElo "2366"]
[Annotator "TA"]
[PlyCount "71"]
[EventDate "2024.02.21"]
[EventType "tourn"]
[EventCountry "BAN"]
[SourceTitle "playchess.com"]
[Source "ChessBase"]
[SourceQuality "1"]
[TimeControl "5400+30"]

1. d4 d5 2. c4 e6 3. Nc3 Nf6 4. cxd5 exd5 5. Bg5 c6 6. e3 h6 7. Bh4 Be7 8. Bd3 O-O 9. Nge2 Ne8 10. Bg3 Nd6 11. Qc2 {[%emt 0:00:52] White is slightly better.} Re8 12. O-O Bf8 13. Rae1 a5 14. Nf4 Na6 15. a3 Bd7 16. f3 b5 17. Nb1 Rc8 18. Qd2 Bf5 19. Nc3 Bxd3 20. Qxd3 Nc4 21. Nd1 a4 22. e4 b4 23. Ne3 Nxe3 24. Rxe3 Qb6 25. Bf2 Nc7 26. axb4 $1 Qxb4 27. Re2 (27. Qd1 $11) 27... Bd6 $1 $17 28. e5 ({Better is} 28. Qe3) 28... Bxe5 $1 29. Nh5 (29. dxe5 $17 {is a better defense.} Qxf4 30. Ra1) 29... Bd6 $19 {[%emt 0:07:49] Hoping for ...Rxe2.} 30. Qf5 $2 (30. Rc2 {was called for.}) 30... Rxe2 31. Qxc8+ Ne8 32. Qxc6 {[%emt 0:02:28] [#]} Qc4 (32... Qxb2 33. Qxa4 g6 34. Ng3 Bxg3 35. hxg3 $11) (32... Kf8 $1 $19 {has better winning chances.} 33. Bg3 Rxb2 (33... Qxd4+ $2 34. Kh1 $19) 34. Bxd6+ Nxd6 35. Qxd5 a3 36. Qa8+ Ne8) 33. Qd7 (33. Qxc4 $17 dxc4 34. Re1 Rxe1+ 35. Bxe1) 33... Re7 34. Qd8 Kf8 35. Ng3 {[%emt 0:01:01] [#]} g6 {[%emt 0:04:02] Against Nf5} (35... Bc7 $1 $19 36. Qa8 Re6) 36. Qa5 {[%emt 0:03:29] Weighted Error Value: White=0.36/Black=0.19 (very precise) .  Mistake:       	White=6     	Black=2      Inaccurate:     	White=3     	---        OK:         	White=8     	Black=5      Best:        	White=2     	Black=4      Strong:       	White=1     	Black=2} (36. Ra1 $142) 1/2-1/2

[Event "Elegant Academy GM Aspirant-II"]
[Site "Dhaka"]
[Date "2024.02.25"]
[Round "7.5"]
[White "Mohammad Fahad, Rahman"]
[Black "Rahman, Ziaur"]
[Result "1-0"]
[ECO "B51"]
[WhiteElo "2418"]
[BlackElo "2428"]
[Annotator "TA"]
[PlyCount "99"]
[EventDate "2024.02.21"]
[EventType "tourn"]
[EventCountry "BAN"]
[SourceTitle "playchess.com"]
[Source "ChessBase"]
[SourceQuality "1"]
[TimeControl "5400+30"]

1. e4 c5 2. Nf3 Nc6 3. Bb5 d6 4. O-O Bd7 5. c3 a6 6. Ba4 Nf6 7. d3 {[%emt 0:01:04] B51: Sicilian: Moscow Variation (3 Bb5+) without 3...Bd7.} e5 8. Re1 Be7 9. h3 O-O 10. Nbd2 b5 11. Bc2 Qc7 12. Nf1 d5 13. Ne3 d4 $146 ({Predecessor:} 13... Be6 14. exd5 Nxd5 15. Ng5 Bxg5 16. Nxd5 Qd8 17. Nc7 Bxc1 18. Nxe6 fxe6 19. Qxc1 Qd6 {½-½ Glodeanu,I (2311)-Burnoiu,N (2353) Bucharest2 2000 (10)}) 14. Nd5 Qd6 15. Bg5 Rae8 16. Bxf6 Bxf6 17. a4 dxc3 18. axb5 axb5 19. bxc3 Bd8 20. Bb3 Kh8 21. Ne3 g6 (21... Ba5 $11 22. Qc2 f6) 22. Bd5 Ne7 23. d4 exd4 24. cxd4 Nxd5 25. dxc5 Qxc5 26. Nxd5 Be6 27. Rc1 Qa7 28. Nd4 Bxd5 29. Nxb5 Qb8 30. Qxd5 Re5 31. Qd6 Qxd6 32. Nxd6 Be7 33. Nc4 Rc5 34. Nb6 Rb5 35. Nd5 Bg5 36. Rc7 Re8 37. Rd7 (37. Rxf7 $2 Rxd5 38. Ra1 Rde5 $19 (38... Rxe4 39. Ra8+ Bd8 40. Rf8+ Kg7 41. Rfxd8 $11)) 37... Ra5 (37... Rf8 $16 {keeps fighting.} 38. g3 Kg7) 38. f3 (38. Rxf7 $2 Rxd5 39. g3 Kg8 $17) (38. h4 $18 {and White stays clearly on top.} Bxh4 39. g3 (39. Rxf7 $2 {perishes.} Rxd5 40. g3 Bd8 $19)) 38... Rb8 $2 (38... Kg7 $16) 39. Rxf7 $18 Rb2 40. Kh1 Raa2 41. Rg1 Kg8 42. Rd7 Bh4 (42... Re2 $142 43. Rb1 Rab2 44. Rxb2 Rxb2) 43. e5 $18 Re2 44. f4 h5 $2 (44... Be1 45. Nf6+ Kf8 46. Nxh7+ Ke8) 45. Rc1 $18 Ra8 46. Rcc7 Bd8 47. Nf6+ Bxf6 48. exf6 Re6 49. Rg7+ Kf8 50. Rh7 1-0

[Event "Elegant Academy GM Aspirant-II"]
[Site "Dhaka"]
[Date "2024.02.26"]
[Round "8.1"]
[White "Aradhya, Garg"]
[Black "Rahman, Ziaur"]
[Result "0-1"]
[ECO "A90"]
[WhiteElo "2390"]
[BlackElo "2428"]
[Annotator "TA"]
[PlyCount "62"]
[EventDate "2024.02.21"]
[EventType "tourn"]
[EventCountry "BAN"]
[SourceTitle "playchess.com"]
[Source "ChessBase"]
[SourceQuality "1"]
[TimeControl "5400+30"]

1. d4 d5 2. c4 e6 3. Nf3 c6 4. Nbd2 f5 5. g3 Nd7 6. Bg2 Bd6 7. O-O Ngf6 8. Ng5 Qe7 9. a4 h6 10. Ngf3 {[%emt 0:01:27] The position is equal.} g5 11. a5 a6 12. b3 Ne4 13. Qc2 h5 (13... Qg7 $11) 14. Nxe4 dxe4 15. Nxg5 {[%emt 0:01:49] Hoping for h4.} (15. Bxg5 Qg7 16. Qd2 exf3 17. exf3 h4 $15) 15... h4 16. Bxe4 fxe4 17. Qxe4 (17. Nxe4 $16 {And now Bg5 would win.} Bc7 18. Bg5) 17... Nf8 $11 18. Bf4 (18. gxh4 Bd7 19. Nf3 Qh7 20. Qxh7 Rxh7) ({White should try} 18. Qe3 $11) 18... Bd7 ({Better is} 18... Bxf4 $15 19. Qxf4 Ng6) 19. Bxd6 Qxg5 {[%emt 0:01:08] Black is weak on the dark squares} 20. Rad1 Ng6 ({Black should play} 20... O-O-O $11) 21. d5 (21. g4 $1 $14) 21... Qf5 (21... e5 $15 22. Bxe5 (22. f4 Qg4 $17) 22... O-O (22... Nxe5 23. f4 $11)) 22. Qd4 $2 {[%emt 0:05:23] [#]} (22. Qe3 $11 {and White stays safe.}) 22... e5 $1 $36 {[%emt 0:04:06][%mdl 2048] White is under strong pressure.} 23. Qe3 (23. Qb6 Qh3 (23... Kf7 24. Qxb7 Rad8 25. dxc6 $14) 24. Qe3 (24. Qxb7 $2 {too greedy.} Rc8 $19) 24... hxg3 25. Qxg3 Nf4 $19) 23... Qh5 {[%emt 0:03:25] aiming for ...hxg3.} 24. g4 Bxg4 25. dxc6 bxc6 26. Rd2 {[%emt 0:04:24] Now White is beyond hope.} (26. f3 $17 Bh3 27. Rfe1) 26... Qf5 {[%emt 0:12:37] ...Bh3 is the strong threat.} 27. f3 Bh3 28. Rfd1 {[%emt 0:00:05] [#]} Rh5 $1 29. Kf2 Rg5 30. Rg1 $2 (30. Ke1 $19 Rc8 31. Rb2) 30... Rxg1 31. Kxg1 Qb1+ {[%emt 0:00:43] Weighted Error Value: White=0.52/Black=0.23 (precise) .  Loses game:     	White=1     	---        Mistake:       	White=5     	Black=4      Inaccurate:     	White=2     	Black=2      OK:         	White=6     	Black=5      Best:        	White=1     	Black=4      Strong:       	---       	Black=1} 0-1

[Event "Elegant Academy GM Aspirant-II"]
[Site "Dhaka"]
[Date "2024.02.26"]
[Round "8.2"]
[White "Liyanage, Ranindu Dilshan"]
[Black "Mohammad Fahad, Rahman"]
[Result "0-1"]
[ECO "D00"]
[WhiteElo "2366"]
[BlackElo "2418"]
[Annotator "TA"]
[PlyCount "60"]
[EventDate "2024.02.21"]
[EventType "tourn"]
[EventCountry "BAN"]
[SourceTitle "playchess.com"]
[Source "ChessBase"]
[SourceQuality "1"]
[TimeControl "5400+30"]

1. d4 d5 2. Nc3 c5 3. e4 dxe4 4. dxc5 Qxd1+ 5. Kxd1 Nf6 6. Nge2 Bf5 7. Nd4 Bg4+ 8. Ke1 {[%emt 0:07:06] The position is equal.} a6 9. h3 Bd7 10. g4 e5 11. Nb3 Bc6 (11... Be6 $11) 12. Bg2 (12. Be3 $14) 12... h6 (12... a5 $11 {is superior.}) 13. Be3 $14 Nbd7 14. Rd1 O-O-O 15. a3 (15. Na5 Bxc5 16. Nxc6 bxc6 $11) 15... Kc7 16. Ke2 (16. Na5 $6 Bxc5 17. Nxc6 bxc6 $11) (16. Bf1 $1 $16) 16... Be7 17. Rd2 g5 18. Rhd1 h5 19. gxh5 Nxh5 {[%emt 0:10:40] aiming for ...f5.} 20. Bxe4 (20. Nxe4 $2 f5 21. Nxg5 Bxg2 22. Ne6+ Kc8 23. Nxd8 Rxd8 $19) 20... Bxe4 21. Nxe4 {[%emt 0:00:08][%cal Ob3a5] And now Na5! would win.} Nf4+ 22. Bxf4 gxf4 23. Nd6 (23. Na5 $1 $16 {[%cal Ra5b7] Nxb7! would now be deadly.} f5 24. Nc3 Bxc5 (24... Nxc5 25. Nd5+ Rxd5 26. Rxd5 $16) 25. Nd5+ (25. Nxb7 Kxb7 26. Rxd7+ Rxd7 $14) 25... Kb8 26. Nxf4 exf4 27. Rxd7 Rde8+ 28. Kf3 (28. Kf1 f3 $11)) 23... Nxc5 $11 24. Nxf7 {[%emt 0:02:36] Excellent horsemanship.} f3+ 25. Ke1 $2 {[%emt 0:05:54][%mdl 8192] [#] This move loses the game for White.} (25. Kxf3 $2 {perishes.} Rdf8 (25... Rxh3+ 26. Kg2 $16) 26. Nxc5 Rxf7+ 27. Ke4 Bxc5 28. Kxe5 Bxf2 $19) (25. Ke3 $1 $14 {is the one way to stay ahead.} Rxd2 26. Nxd2 (26. Rxd2 $2 {too greedy.} Rf8 $19)) 25... Rdg8 $1 $19 26. Rd5 {[%emt 0:00:37] [#]} (26. Rd3 $142 Nxd3+ (26... Rg1+ $2 27. Kd2 $19) 27. Rxd3 Rxh3 28. Rc3+ Kb8 29. Nc5 Bxc5 30. Rxc5 Rh1+ 31. Kd2) 26... Ne4 $1 27. Nd2 Rg1+ 28. Nf1 Rxh3 {[%emt 0:00:06] Black mates.} 29. Rd7+ Kb8 30. Rxe7 {[%emt 0:01:16] [#]} Rxf1+ $1 {[%emt 0:00:07][%mdl 512] Weighted Error Value: White=0.71/Black=0.13 (very precise) .  Loses game:     	White=1     	---        Mistake:       	White=4     	Black=2      Inaccurate:     	White=1     	Black=3      OK:         	White=9     	Black=4      Best:        	White=1     	Black=1      Strong:       	---       	Black=2} 0-1

[Event "Elegant Academy GM Aspirant-II"]
[Site "Dhaka"]
[Date "2024.02.26"]
[Round "8.3"]
[White "Murshed, Niaz"]
[Black "Mayank Chakraborty"]
[Result "1/2-1/2"]
[ECO "C55"]
[WhiteElo "2363"]
[BlackElo "2409"]
[Annotator "TA"]
[PlyCount "123"]
[EventDate "2024.02.21"]
[EventType "tourn"]
[EventCountry "BAN"]
[SourceTitle "playchess.com"]
[Source "ChessBase"]
[SourceQuality "1"]
[TimeControl "5400+30"]

1. e4 e5 2. Nf3 Nc6 3. Bc4 Nf6 4. d3 h6 5. O-O d6 6. a3 {[%emt 0:04:09] C55: Two Knights: 4 d3, 4 d4 exd4 5 e5 and Max Lange Attack.} g6 7. h3 g5 $146 ({Predecessor:} 7... Bg7 8. Nc3 O-O 9. Nh2 Be6 10. Bxe6 fxe6 11. f4 exf4 12. Bxf4 Nh5 13. Be3 Rxf1+ 14. Nxf1 {1-0 Dourerassou,J (2477)-Jenni,F (2456) Titled Tuesday intern op 7th April blitz 2020 (1)}) 8. Nh2 Rg8 9. Ng4 Bxg4 10. hxg4 Qd7 11. Nc3 Ne7 12. f3 Bg7 13. Be3 a6 14. Qe2 Ng6 15. g3 c6 16. Ba2 Qe7 17. b4 Nf8 18. a4 Ne6 19. b5 h5 20. bxc6 bxc6 21. Rab1 Qd7 22. Rb6 hxg4 23. fxg4 Nf4 24. gxf4 gxf4 25. Rfb1 $1 Bh6 (25... Bf8 {was worth a try.}) 26. Rb8+ $18 Ke7 $2 {[%emt 0:01:19] [#]} (26... Rxb8 27. Rxb8+ Ke7 28. Rxg8 Nxg8) 27. R8b7 $1 $18 Rxg4+ {[%emt 0:02:12] [#]} 28. Qxg4 $2 (28. Kf1 $3 ) 28... Nxg4 $18 29. Bf2 (29. Rxd7+ Kxd7 30. Bf2 Kc7 31. Bxf7 Ne3 32. Bxe3 fxe3 $18) 29... Rg8 30. Rxd7+ Kxd7 31. Rb7+ (31. Bxf7 Rg7 32. Bc4 Ne3+ 33. Kh1 Nxc4) 31... Kc8 32. Rxf7 Rg6 33. Kf1 f3 34. Nd1 (34. Rxf3 Nh2+ 35. Ke2 Nxf3 $18) 34... Bf4 35. Rh7 Bh6 $2 (35... Nxf2 36. Kxf2 Rg2+ 37. Kxf3 Rxc2 38. Be6+ Kb8) 36. Bf7 $18 Rf6 37. Be8 Nxf2 38. Kxf2 d5 39. Rf7 Rd6 40. exd5 (40. Kxf3 Kd8 41. Bxc6 Rxc6 42. exd5 Rxc2 $18) (40. Rxf3 dxe4 41. Rh3 (41. dxe4 Rxd1 42. Rf6 Bf4 $14) 41... Kd8) 40... cxd5 41. Rxf3 (41. Kxf3 e4+ 42. dxe4 dxe4+ 43. Kxe4 (43. Ke2 Kd8 $11) 43... Rxd1 $14) 41... e4 42. Rh3 Kd8 43. Bh5 Rc6 44. dxe4 dxe4 45. Be2 Bd2 46. c4 Rf6+ 47. Kg2 Kc7 48. Rh4 Re6 49. Nf2 e3 50. Nd3 Kb6 51. Rh5 Rc6 52. Ne5 Rc8 53. Rh6+ Ka5 54. c5 Kxa4 55. Rxa6+ Kb4 56. c6 Kc5 57. Bg4 Rc7 58. Kf3 Kd6 (58... Bc3 $142 59. Nd7+ Kd6) 59. Ke4 $18 Bc3 60. Nc4+ Kc5 61. Kd3 (61. Nxe3 Rxc6 62. Ra2 Bg7 $16) 61... e2 (61... Bb4 $142 62. Ne5 (62. Nxe3 Rxc6 63. Ra8 Rd6+ 64. Ke2 Bd2 $16) 62... Kd6) 62. Bxe2 (62. Kxc3 $2 {loses.} e1=Q+ (62... e1=R 63. Ra5+ Kxc6 64. Kd2 $11) 63. Nd2 Kb5 $19 (63... Rxc6 64. Rxc6+ Kxc6 65. Kd3 $19)) 1/2-1/2

[Event "Elegant Academy GM Aspirant-II"]
[Site "Dhaka"]
[Date "2024.02.26"]
[Round "8.4"]
[White "Siddharth, Jagadeesh"]
[Black "Setyaki, Azarya Jodi"]
[Result "1/2-1/2"]
[ECO "D07"]
[WhiteElo "2457"]
[BlackElo "2400"]
[Annotator "TA"]
[PlyCount "61"]
[EventDate "2024.02.21"]
[EventType "tourn"]
[EventCountry "BAN"]
[SourceTitle "playchess.com"]
[Source "ChessBase"]
[SourceQuality "1"]
[TimeControl "5400+30"]

1. d4 d5 2. c4 Nc6 3. cxd5 Qxd5 4. e3 e5 5. Nc3 Bb4 6. Bd2 Bxc3 7. bxc3 Nf6 8. f3 Qd6 9. Bd3 O-O 10. Ne2 a5 11. O-O b6 12. Ng3 (12. Rc1 $16) 12... Ba6 (12... exd4 $14 13. cxd4 Be6) 13. Bxa6 $16 Rxa6 14. f4 (14. e4 $16) 14... exd4 $11 15. exd4 b5 16. f5 b4 17. Bf4 Qd8 18. cxb4 (18. Qd3 $11 Rb6 19. Rad1) 18... axb4 $17 (18... Qxd4+ $2 {too greedy.} 19. Qxd4 Nxd4 20. Be5 $16) 19. Kh1 Nxd4 {[%emt 0:03:24] A dynamic duo of knights.} (19... Qxd4 $17 20. Qe2 Rfa8) 20. Bxc7 $1 $15 Qxc7 21. Qxd4 Qa7 (21... Ra4 $15 22. Rfe1 Qa5) 22. Qxb4 $11 Rxa2 23. Rxa2 Qxa2 24. Ne4 Nxe4 25. Qxe4 Qa8 26. Qxa8 {[%emt 0:00:04] The position is equal.} Rxa8 {[%emt 0:00:03] KR-KR} 27. h3 f6 28. Rb1 h5 29. Rb4 Ra5 30. g4 hxg4 31. hxg4 {[%emt 0:00:00] Weighted Error Value: White=0.20 (precise) /Black=0.15 (very precise) .  Mistake:       	White=3     	Black=3      Inaccurate:     	---       	Black=1      OK:         	White=8     	Black=4      Best:        	White=1     	Black=1      Strong:       	White=1     	---} 1/2-1/2

[Event "Elegant Academy GM Aspirant-II"]
[Site "Dhaka"]
[Date "2024.02.26"]
[Round "8.5"]
[White "Sriram, Jha"]
[Black "Panesar Vedant"]
[Result "1/2-1/2"]
[ECO "A49"]
[WhiteElo "2317"]
[BlackElo "2452"]
[Annotator "TA"]
[PlyCount "62"]
[EventDate "2024.02.21"]
[EventType "tourn"]
[EventCountry "BAN"]
[SourceTitle "playchess.com"]
[Source "ChessBase"]
[SourceQuality "1"]
[TimeControl "5400+30"]

1. d4 Nf6 2. Nf3 g6 3. g3 Bg7 4. Bg2 O-O 5. O-O d6 6. Nc3 Bf5 7. Re1 Ne4 8. Nxe4 Bxe4 9. c3 Nd7 10. Nh4 Bxg2 11. Nxg2 e5 12. dxe5 dxe5 13. Bg5 Qc8 14. Qd2 Nb6 15. Rad1 Qe6 16. b3 a5 17. c4 f6 18. Be3 Rf7 19. Bxb6 Qxb6 20. Ne3 Bf8 21. Nd5 Qe6 22. e3 Bc5 23. Nc3 c6 24. Qd3 f5 25. Na4 Bb4 26. Re2 Re8 (26... Qe7 {simplifies} 27. c5 Bxc5 28. Nxc5 Qxc5 29. Rc2 Qf8) 27. c5 Ree7 28. Qd8+ Kg7 29. Rd6 {[%emt 0:00:35][%cal Bd1d6,Bd6e6,Be6e5][%mdl 32] The position is equal.} Rd7 30. Rxe6 Rxd8 31. Rxe5 Rd1+ {[%emt 0:02:41] Weighted Error Value: White=0.07 (flawless) /Black=0.06 (flawless) .  Inaccurate:     	White=2     	Black=4      OK:         	White=9     	Black=12     Best:        	White=1     	---} (31... Kf6 $5 32. f4 $8 Rd5 $11) 1/2-1/2

[Event "Elegant Academy GM Aspirant-II"]
[Site "Dhaka"]
[Date "2024.02.27"]
[Round "9.1"]
[White "Panesar Vedant"]
[Black "Aradhya, Garg"]
[Result "1/2-1/2"]
[ECO "C88"]
[WhiteElo "2452"]
[BlackElo "2390"]
[Annotator "TA"]
[PlyCount "49"]
[EventDate "2024.02.21"]
[EventType "tourn"]
[EventCountry "BAN"]
[SourceTitle "playchess.com"]
[Source "ChessBase"]
[SourceQuality "1"]
[TimeControl "5400+30"]

1. e4 e5 2. Nf3 Nc6 3. Bb5 a6 4. Ba4 Nf6 5. O-O Be7 6. Re1 b5 7. Bb3 O-O 8. a4 Rb8 9. axb5 axb5 10. d3 d6 11. h3 h6 12. Nc3 Be6 13. Nd5 Bxd5 14. exd5 Nb4 15. d4 (15. Nh4 $14) 15... e4 $11 16. Nd2 c5 $1 {[%emt 0:01:57] aiming for ...c4.} 17. dxc6 {[%emt 0:05:33] [#] And now d5 would win.} d5 18. f3 $36 {[%emt 0:02:11][%cal Rf3e4][%mdl 2048] White fights for an advantage.} Nxc6 19. c3 exf3 20. Qxf3 b4 21. Bc2 Kh8 (21... Bd6 $11 {might be stronger.}) 22. Kh1 {[%emt 0:00:00] White is much more active.} Kg8 23. Kg1 Kh8 24. Kh1 Kg8 25. Kg1 {[%emt 0:00:02] Weighted Error Value: White=0.25 (precise) /Black=0.09 (flawless) .  Mistake:       	White=2     	Black=1      Inaccurate:     	White=2     	Black=2      OK:         	White=6     	Black=5      Best:        	---       	Black=2      Strong:       	---       	Black=1} (25. Nf1 $14) 1/2-1/2

[Event "Elegant Academy GM Aspirant-II"]
[Site "Dhaka"]
[Date "2024.02.27"]
[Round "9.2"]
[White "Setyaki, Azarya Jodi"]
[Black "Sriram, Jha"]
[Result "1/2-1/2"]
[ECO "C55"]
[WhiteElo "2400"]
[BlackElo "2317"]
[Annotator "ChessBase"]
[PlyCount "48"]
[EventDate "2024.02.21"]
[EventType "tourn"]
[EventCountry "BAN"]
[SourceTitle "playchess.com"]
[Source "ChessBase"]
[SourceQuality "1"]
[TimeControl "5400+30"]

1. e4 e5 2. Nf3 Nc6 3. Bc4 Nf6 4. d3 Be7 5. O-O O-O 6. Nc3 d6 7. a4 Bg4 8. h3 Bh5 9. Be3 Qc8 10. Nd5 Nxd5 11. Bxd5 Kh8 12. g4 Bg6 13. a5 a6 14. Nd2 Qd8 15. c3 Nxa5 16. Rxa5 c6 17. Nc4 cxd5 18. Rxd5 f6 19. Nb6 Rb8 20. Ra5 Bf7 21. Kg2 Kg8 22. Kg1 Kh8 23. Kg2 Kg8 24. Kg1 Kh8 1/2-1/2